 Dungeon Crawl Stone Soup version 0.22.1-2-g9c5b331 (webtiles) character file.

386 Harpaggios the Insei (level 6, -1/47 HPs)
             Began as a Gnoll Transmuter on Dec 27, 2018.
             Was a Follower of Makhleb.
             Slain by an ogre
             ... wielding a cursed -3 giant club
              (26 damage)
             ... on level 5 of the Dungeon.
             The game lasted 00:21:07 (4650 turns).

Harpaggios the Insei (Gnoll Transmuter)             Turns: 4650, Time: 00:21:08

Health: -1/47      AC:  2    Str: 12 (13) XL:     6   Next: 78%
Magic:  8/14       EV: 15    Int: 12 (15) God:    Makhleb [*.....]
Gold:   94         SH:  0    Dex: 14 (17) Spells: 9/15 levels left

rFire    . . .     SeeInvis .     - Unarmed
rCold    . . .     Gourm    .   (no shield)
rNeg     . . .     Faith    .   b - +0 robe
rPois    .         Spirit   .   (no helmet)
rElec    .         Reflect  .   (no cloak)
rCorr    .         Harm     .   (no gloves)
MR       .....                  (no boots)
Stlth    ++........             (no amulet)
HPRegen  0.15/turn              (no ring)
MPRegen  0.14/turn              (no ring)

@: lethally poisoned (-1 -> -4), appendage (expiring)
A: distributed training, fangs 1, horns 2, strong nose
a: End Transformation, Renounce Religion


You were on level 5 of the Dungeon.
You worshipped Makhleb.
Makhleb was aware of your devotion.
You were hungry.
You had grown temporary horns.
You visited 1 branch of the dungeon, and saw 5 of its levels.

You collected 94 gold pieces.

Inventory:

Missiles
 a - 54 arrows
 l - 5 tomahawks (quivered)
Armour
 b - a +0 robe (worn)
Magical Staves
 m - an uncursed staff of wizardry
Scrolls
 c - 3 scrolls of remove curse
 e - 5 scrolls of teleportation
 g - 3 scrolls of identify
 h - a scroll of enchant weapon
 k - a scroll of blinking
 n - 3 scrolls of fear
Potions
 f - a potion of curing
 j - a potion of lignification
Comestibles
 d - 7 rations


   Skills:
 + Level 3.3 Fighting
 + Level 2.1 Short Blades
 + Level 2.1 Long Blades
 + Level 2.1 Axes
 + Level 2.1 Maces & Flails
 + Level 2.1 Polearms
 + Level 2.1 Staves
 + Level 2.1 Slings
 + Level 2.1 Bows
 + Level 2.1 Crossbows
 + Level 2.1 Throwing
 + Level 2.1 Armour
 + Level 5.0 Dodging
 + Level 2.1 Stealth
 + Level 2.1 Shields
 + Level 6.9 Unarmed Combat
 + Level 5.4 Spellcasting
 + Level 1.6 Conjurations
 + Level 1.6 Hexes
 + Level 1.6 Charms
 + Level 1.6 Summonings
 + Level 1.6 Necromancy
 + Level 1.6 Translocations
 + Level 4.1 Transmutations
 + Level 1.6 Fire Magic
 + Level 1.6 Ice Magic
 + Level 1.6 Air Magic
 + Level 1.6 Earth Magic
 + Level 1.6 Poison Magic
 + Level 2.3 Invocations
 + Level 2.1 Evocations


You had 9 spell levels left.
You knew the following spells:

 Your Spells              Type           Power        Failure   Level  Hunger
a - Beastly Appendage     Tmut           ##....       3%          1    None
b - Sticks to Snakes      Tmut           ##......     5%          2    ##.....
c - Spider Form           Tmut/Pois      ##........   17%         3    ###....

Your spell library contained the following spells:

 Spells                   Type           Power        Failure   Level  Hunger
 Ice Form                 Ice/Tmut       ##......     50%         4    ####...
 Blade Hands              Tmut           ##........   67%         5    ######.


Dungeon Overview and Level Annotations

Branches:
Dungeon (4/15)
 Temple: D:4-7

Altars:
Fedhas
Kikubaaqudgha
Makhleb
Trog
Vehumet
The Shining One


Innate Abilities, Weirdness & Mutations

Your experience applies equally to all skills.
You have very sharp teeth.
Your uncanny sense of smell can sniff out nearby items.
You have a pair of horns on your head.


Message History

Your ball python barely misses the ogre.
The adder closely misses you.
Your ball python bites the ogre but does no damage.
The ogre barely misses you.
Your ball python bites the ogre.
You closely miss the adder. Your headbutt misses the adder.
You bite the adder, but do no damage.
The adder is severely wounded.
You feel sick. The adder bites you.
Your ball python bites the ogre.
The ogre barely misses you. The adder bites you.
Your ball python bites the ogre but does no damage.
You barely miss the adder. Your headbutt misses the adder.
The adder is severely wounded.
Your ball python bites the ogre but does no damage.
The adder misses you.
Your ball python bites the ogre.
You hit the adder but do no damage.
The adder is severely wounded.
You feel sick.
Your ball python bites the ogre.
The ogre hits you with a giant club!!
Ouch! That really hurt!
You die...

∆ ######
###....#####
#.###...........
#.."...@OS......
###....SS.......
##/.......>...
##.......####
#....#### #...##
...## #..# #..


You could see an ogre, an adder and 2 friendly ball pythons.

Vanquished Creatures
  4 orc wizards (D:3)
  2 orc priests (D:3)
  Natasha (twice) (D:2)
  3 adders
  A worm (D:2)
  5 dart slugs
  A leopard gecko (D:1)
  11 orcs
  3 ball pythons
  4 giant cockroaches
  9 goblins
  7 hobgoblins
  10 jackals
  8 kobolds
  2 quokkas (D:3)
  17 bats
  9 frilled lizards
  7 rats
  A plant (D:1)
106 creatures vanquished.

Vanquished Creatures (collateral kills)
  An orc priest (D:3)
  Natasha (D:2)
  An orc (D:3)
3 creatures vanquished.

Grand Total: 109 creatures vanquished

Notes
Turn   | Place    | Note
-------+----------+-------------------------------------------
     0 | D:1      | Harpaggios the Gnoll Transmuter began the quest for the
                  | Orb.
     0 | D:1      | Reached XP level 1. HP: 17/17 MP: 6/6
   171 | D:1      | Reached XP level 2. HP: 22/23 MP: 5/7
   563 | D:1      | Reached XP level 3. HP: 28/28 MP: 7/9
   626 | D:1      | Reached skill level 5 in Spellcasting
  1105 | D:2      | Reached skill level 1 in Invocations
  1319 | D:2      | Learned a level 2 spell: Sticks to Snakes
  1462 | D:2      | Reached skill level 1 in Short Blades
  1462 | D:2      | Reached skill level 1 in Long Blades
  1462 | D:2      | Reached skill level 1 in Axes
  1462 | D:2      | Reached skill level 1 in Maces & Flails
  1462 | D:2      | Reached skill level 1 in Polearms
  1462 | D:2      | Reached skill level 1 in Staves
  1462 | D:2      | Reached skill level 1 in Slings
  1462 | D:2      | Reached skill level 1 in Bows
  1462 | D:2      | Reached skill level 1 in Crossbows
  1462 | D:2      | Reached skill level 1 in Throwing
  1462 | D:2      | Reached skill level 1 in Armour
  1462 | D:2      | Reached skill level 1 in Stealth
  1462 | D:2      | Reached skill level 1 in Shields
  1462 | D:2      | Reached skill level 1 in Evocations
  1470 | D:2      | Reached XP level 4. HP: 28/34 MP: 11/11
  1961 | D:2      | Found a bloodstained altar of Trog.
  2144 | D:2      | Noticed Natasha
  2171 | D:2      | Killed Natasha
  2171 | D:2      | Reached skill level 1 in Conjurations
  2171 | D:2      | Reached skill level 1 in Hexes
  2171 | D:2      | Reached skill level 1 in Charms
  2171 | D:2      | Reached skill level 1 in Summonings
  2171 | D:2      | Reached skill level 1 in Necromancy
  2171 | D:2      | Reached skill level 1 in Translocations
  2171 | D:2      | Reached skill level 1 in Fire Magic
  2171 | D:2      | Reached skill level 1 in Ice Magic
  2171 | D:2      | Reached skill level 1 in Air Magic
  2171 | D:2      | Reached skill level 1 in Earth Magic
  2171 | D:2      | Reached skill level 1 in Poison Magic
  2232 | D:2      | Noticed Natasha
  2242 | D:2      | Killed Natasha
  2242 | D:2      | Reached XP level 5. HP: 38/40 MP: 5/12
  2279 | D:2      | Noticed Natasha
  2287 | D:2      | Killed Natasha
  2563 | D:2      | Found a burning altar of Makhleb.
  2564 | D:2      | Found a radiant altar of Vehumet.
  2570 | D:2      | Became a worshipper of Makhleb the Destroyer
  3051 | D:3      | Reached XP level 6. HP: 44/47 MP: 11/13
  3059 | D:3      | Learned a level 3 spell: Spider Form
  3706 | D:3      | Reached * piety under Makhleb
  4056 | D:3      | Reached skill level 5 in Dodging
  4464 | D:4      | Found a glowing golden altar of the Shining One.
  4511 | D:4      | Found a blossoming altar of Fedhas.
  4511 | D:4      | Found an ancient bone altar of Kikubaaqudgha.
  4638 | D:4      | You fall through a shaft!
  4638 | D:5      | Entered Level 5 of the Dungeon
  4650 | D:5      | Slain by an ogre

Skill      XL: |  1  2  3  4  5  6 |
---------------+-------------------+-----
Spellcasting   | 5 |  5.4
Invocations    | 1 2 |  2.3
Short Blades   | 1 2 |  2.1
Long Blades    | 1 2 |  2.1
Axes           | 1 2 |  2.1
Maces & Flails | 1 2 |  2.1
Polearms       | 1 2 |  2.1
Staves         | 1 2 |  2.1
Slings         | 1 2 |  2.1
Bows           | 1 2 |  2.1
Crossbows      | 1 2 |  2.1
Throwing       | 1 2 |  2.1
Armour         | 1 2 |  2.1
Stealth        | 1 2 |  2.1
Shields        | 1 2 |  2.1
Evocations     | 1 2 |  2.1
Conjurations   | 1 |  1.6
Hexes          | 1 |  1.6
Charms         | 1 |  1.6
Summonings     | 1 |  1.6
Necromancy     | 1 |  1.6
Translocations | 1 |  1.6
Fire Magic     | 1 |  1.6
Ice Magic      | 1 |  1.6
Air Magic      | 1 |  1.6
Earth Magic    | 1 |  1.6
Poison Magic   | 1 |  1.6
Fighting       | 3 |  3.3
Transmutations | 4 |  4.1
Dodging        | 5 |  5.0
Unarmed Combat | |  6.9

Action                   |  1- 3 |  4- 6 || total
-------------------------+-------+-------++-------
Melee: Unarmed           |   118 |   184 ||   302
       Bite              |    12 |    21 ||    33
       Headbutt          |     3 |    18 ||    21
       Kick              |     8 |    13 ||    21
       Punch             |     3 |     5 ||     8
       Hunting sling     |       |    27 ||    27
       Staff             |       |    23 ||    23
 Cast: Beastly Appendage |    14 |    31 ||    45
       Sticks to Snakes  |       |    22 ||    22
  Use: Scroll            |     4 |     7 ||    11
       Potion            |     4 |     4 ||     8
 Stab: Sleeping          |     4 |     3 ||     7
       Distracted        |       |     1 ||     1
  Eat: Chunk             |     2 |    10 ||    12
Armor: Robe              |    10 |    25 ||    35
Dodge: Dodged            |    82 |   169 ||   251
